[Event "42nd Olympiad Baku 2016 Open"]
[Site "Baku"]
[Date "2016.09.03"]
[Round "2.1"]
[White "Husbands, Orlando"]
[Black "Suringa Jr, Paquito"]
[Result "1-0"]
[ECO "B32"]
[WhiteElo "2257"]
[BlackElo "1712"]
[Annotator ""]
[PlyCount "75"]
[EventDate "2016.??.??"]
[EventCountry "AZE"]
[SourceTitle "playchess.com"]
[Source "ChessBase"]
[WhiteTeam "Barbados"]
[BlackTeam "PLW"]
[WhiteTeamCountry "BAR"]
[TimeControl "40/5400+30:1800+30"]

1. e4 {(00:00)} c5 {(00:00)} 2. Nf3 {(00:00)} Nc6 {
(00:02)} 3. d4 {(00:00)} d5 {(02:12)} 4. exd5 {(02:
14)} Qxd5 {(01:03)} 5. Nc3 {(00:02)} Qe6+ {(00:42)} 6. Be2
{(00:24)} cxd4 {(02:19)} 7. Nxd4 {(00:02)} Nxd4 {(
00:15)} 8. Qxd4 {(00:01)} Bd7 {(01:05)} 9. O-O {(01:30)}
a6 {(00:57)} 10. Bf4 {(00:31)} Nf6 {(01:10)} 11. Rfe1 {
(05:28)} Qc6 {(05:26)} 12. Bf3 {(03:03)} Qc8 {(01:
53)} 13. Na4 {(04:29)} Bxa4 {(08:53)} 14. Qxa4+ {(00:04)}
Nd7 {(00:51)} 15. Rad1 {(01:15)} e6 {(10:23)} 16. Re2 {
(01:06)} Bc5 {(04:25)} 17. Red2 {(01:59)} b5 18. Qe4 {
(00:16)} Ra7 {(11:18)} 19. Qc6 {(00:31)} O-O {(01:
18)} 20. Rxd7 {(01:26)} Rxd7 {(01:36)} 21. Rxd7 {(00:31)}
h6 {(01:42)} 22. Rc7 {(00:19)} Bxf2+ {(03:58)} 23. Kxf2 {
(00:44)} Qd8 {(00:27)} 24. Rd7 {(01:34)} Qf6 {(00:
47)} 25. Qd6 {(00:57)} Qxb2 {(04:13)} 26. Be4 {(00:12)}
Qf6 {(01:39)} 27. Qe5 {(00:19)} Qh4+ {(01:10)} 28. Bg3 {
(00:16)} Qg4 {(02:20)} 29. h3 {(00:34)} Qg5 {(00:
10)} 30. Qxg5 {(00:08)} hxg5 {(00:29)} 31. Ra7 {(00:09)}
f5 {(02:48)} 32. Bd6 {(00:21)} Rd8 {(01:06)} 33. Be7 {
(00:09)} Rd4 {(01:16)} 34. Bd3 {(00:08)} Ra4 {(03:
29)} 35. Bxg5 {(02:33)} Rxa2 {(02:19)} 36. Bf4 {(00:24)}
Ra4 {(00:34)} 37. Be5 {(00:09)} g5 {(01:40)} 38. Re7 {
(00:54)} 1-0

[Event "42nd Olympiad Baku 2016 Open"]
[Site "Baku"]
[Date "2016.09.03"]
[Round "2.16"]
[White "Kahn, Tito"]
[Black "Hassuji, Nurdin"]
[Result "0-1"]
[ECO "D02"]
[WhiteElo "1880"]
[BlackElo "1732"]
[Annotator ""]
[PlyCount "74"]
[EventDate "2016.??.??"]
[EventCountry "AZE"]
[SourceTitle "playchess.com"]
[Source "ChessBase"]
[WhiteTeam "Channel Islands"]
[BlackTeam "Tanzania"]
[WhiteTeamCountry "JCI"]
[BlackTeamCountry "TAN"]
[TimeControl "40/5400+30:1800+30"]

1. d4 d5 2. Nf3 Nf6 3. Bf4 Bf5 4. c4 c6 5. e3 e6 6. Nc3 Qb6 7. a3 Qxb2 8. Na4
Qc2 9. Qxc2 Bxc2 10. Nc3 Nbd7 11. c5 Nh5 12. Kd2 Bg6 13. Be2 Nxf4 14. exf4 Be7
15. g4 Nf6 16. Ne5 Nd7 17. h4 Nxe5 18. fxe5 h6 19. f4 h5 20. g5 Kd7 21. Bd3
Bxd3 22. Kxd3 b6 23. Na4 bxc5 24. dxc5 Rhb8 25. Rab1 Rb5 26. Rb4 Rab8 27. Rhb1
Kc7 28. Kd4 a5 29. Rxb5 Rxb5 30. Nc3 Bxc5+ 31. Kd3 Rxb1 32. Nxb1 Kb6 33. a4 Bf2
34. Nd2 Bxh4 35. Nf3 Bg3 36. f5 exf5 37. Nh4 Bxh4 0-1

[Event "42nd Olympiad Baku 2016 Open"]
[Site "Baku"]
[Date "2016.09.03"]
[Round "2.24"]
[White "Kalugampitiya, R S."]
[Black "Tang, Tang"]
[Result "1-0"]
[ECO "B10"]
[WhiteElo "2107"]
[BlackElo "2108"]
[Annotator ""]
[PlyCount "71"]
[EventDate "2016.??.??"]
[EventCountry "AZE"]
[SourceTitle "playchess.com"]
[Source "ChessBase"]
[WhiteTeam "SRI"]
[BlackTeam "JPN"]
[WhiteTeamCountry "SRI"]
[BlackTeamCountry "USA"]
[TimeControl "40/5400+30:1800+30"]

1. e4 {(00:00)} c6 {(00:00)} 2. Ne2 {(00:00)} g6 {(
00:00)} 3. d4 {(00:42)} d5 {(00:54)} 4. Nbc3 {(02:43)}
dxe4 {(01:24)} 5. Nxe4 {(00:08)} Bg7 {(00:08)} 6. c3 {
(10:57)} Nd7 {(02:37)} 7. N2g3 {(13:10)} Ngf6 {(01:
23)} 8. Bc4 {(19:43)} O-O {(05:40)} 9. Bg5 {(06:16)} Qc7 {
(05:48)} 10. Qd2 {(02:58)} e5 {(11:29)} 11. O-O {(
02:18)} exd4 {(04:38)} 12. cxd4 {(08:28)} Nd5 {(05:40)}
13. Bh6 {(07:02)} N7f6 {(16:47)} 14. Rfe1 {(13:06)} Ng4 {
(11:27)} 15. Bxg7 {(03:57)} Kxg7 {(00:01)} 16. Bxd5 {
(00:26)} cxd5 {(00:10)} 17. Rac1 {(00:02)} Qd8 {(
02:38)} 18. Nc5 {(01:23)} h5 {(05:55)} 19. h3 {(01:12)}
Nh6 {(01:27)} 20. Re5 {(01:23)} b6 {(05:47)} 21. Nd3 {
(00:17)} f6 {(01:47)} 22. Ree1 {(00:46)} h4 {(02:
52)} 23. Nf1 {(00:44)} g5 {(00:05)} 24. Ne3 {(00:59)} Nf5
{(04:46)} 25. Nb4 {(00:44)} Ne7 {(01:53)} 26. Qd1 {
(00:34)} a5 {(00:19)} 27. Nc6 {(00:44)} Nxc6 {(00:
02)} 28. Rxc6 {(00:02)} Bb7 {(00:37)} 29. Nf5+ {(00:55)}
Kg6 {(01:18)} 30. Qd3 {(00:43)} Kh5 {(01:01)} 31. Qf3+ {
(00:52)} Kg6 {(00:08)} 32. Rd6 {(00:24)} Qc7 {(00:
54)} 33. Qd3 {(01:00)} Kh5 {(00:31)} 34. Ne7 {(00:23)} f5
{(00:33)} 35. Qf3+ {(00:14)} g4 {(00:42)} 36. hxg4+ {
(00:05)} 1-0

[Event "42nd Olympiad Baku 2016 Open"]
[Site "Baku"]
[Date "2016.09.03"]
[Round "2.31"]
[White "Kassis, Antoine"]
[Black "Sanches, Casanova Romario"]
[Result "1/2-1/2"]
[ECO "B06"]
[WhiteElo "2149"]
[BlackElo "2082"]
[Annotator ""]
[PlyCount "74"]
[EventDate "2016.??.??"]
[EventCountry "AZE"]
[SourceTitle "playchess.com"]
[Source "ChessBase"]
[WhiteTeam "LBN"]
[BlackTeam "SUR"]
[WhiteTeamCountry "FRA"]
[BlackTeamCountry "SUR"]
[TimeControl "40/5400+30:1800+30"]

1. e4 {(00:00)} g6 {(00:00)} 2. d4 {(00:01)} Bg7 {(
00:00)} 3. Nf3 {(03:32)} d6 {(00:00)} 4. Nc3 {(00:44)} a6
{(02:17)} 5. Be3 {(04:06)} b5 {(01:15)} 6. Qd2 {(
00:09)} Bb7 {(00:52)} 7. Bd3 {(01:45)} Nd7 {(00:52)} 8. a4
{(04:58)} b4 {(04:01)} 9. Ne2 {(11:07)} a5 {(01:27]
} 10. c3 {(07:14)} c5 {(02:39)} 11. d5 {(08:02)} h5 {
(07:19)} 12. Ng5 {(02:20)} Ngf6 {(22:32)} 13. h3 {(
01:35)} Ba6 {(10:36)} 14. f4 {(15:03)} Bxd3 {(05:33)} 15.
Qxd3 {(00:07)} O-O {(00:49)} 16. O-O {(01:31)} Nh7 {
(04:06)} 17. Nf3 {(05:15)} Rb8 {(03:40)} 18. f5 {(
06:20)} gxf5 {(11:05)} 19. exf5 {(01:05)} bxc3 {(00:05)}
20. bxc3 {(00:17)} Nhf6 {(01:09)} 21. Kh1 {(09:27)} Qc7 {
(03:17)} 22. Ng3 {(04:59)} Rb2 {(06:27)} 23. Bc1 {(
02:33)} Rb3 {(05:13)} 24. Qc4 {(01:28)} Rfb8 {(00:54)} 25.
Bg5 {(03:01)} Rb2 {(02:36)} 26. Qh4 {(00:54)} Rc2 {
(01:14)} 27. Nxh5 {(01:38)} Nxh5 {(00:11)} 28. Qxh5 {
(00:03)} Rbb2 {(00:53)} 29. Bc1 {(02:01)} Nf6 {(01:
09)} 30. Qh4 {(00:17)} Rb3 {(01:35)} 31. Bh6 {(00:42)}
Rcxc3 {(00:56)} 32. Qg5 {(01:03)} Ne8 {(00:33)} 33. Bxg7 {
(00:58)} Nxg7 {(00:10)} 34. f6 {(00:38)} exf6 {(00:
31)} 35. Qxf6 {(00:09)} Qd7 {(00:49)} 36. Ng5 {(02:03)}
Rxh3+ {(00:38)} 37. gxh3 {(00:14)} Rxh3+ {(00:11)} 1/2-1/2

[Event "42nd Olympiad Baku 2016 Open"]
[Site "Baku"]
[Date "2016.09.03"]
[Round "2.22"]
[White "Kavinda, Akila"]
[Black "Nanjo, Ryosuke"]
[Result "1/2-1/2"]
[ECO "A48"]
[WhiteElo "2020"]
[BlackElo "2340"]
[Annotator ""]
[PlyCount "143"]
[EventDate "2016.??.??"]
[EventCountry "AZE"]
[SourceTitle "playchess.com"]
[Source "ChessBase"]
[WhiteTeam "Sri Lanka"]
[BlackTeam "Japan"]
[WhiteTeamCountry "SRI"]
[BlackTeamCountry "JPN"]
[TimeControl "40/5400+30:1800+30"]

1. d4 {(00:00)} Nf6 {(00:00)} 2. Nf3 {(00:21)} g6 {
(00:00)} 3. c4 {(00:55)} Bg7 {(00:00)} 4. Nc3 {(00:
04)} O-O {(00:00)} 5. e4 {(00:03)} d6 {(00:01)} 6. h3 {
(00:31)} e5 {(00:06)} 7. d5 {(00:03)} a5 {(00:10)}
8. Bg5 {(03:39)} Na6 {(00:42)} 9. g4 {(05:27)} Qe8 {
(03:27)} 10. Nd2 {(02:43)} Nd7 {(01:11)} 11. a3 {(
03:37)} Nb6 {(02:49)} 12. Be2 {(08:38)} a4 {(04:46)} 13.
Qc2 {(04:18)} Nc5 {(02:31)} 14. O-O-O {(15:05)} c6 {
(03:30)} 15. Kb1 {(09:47)} Bd7 {(06:10)} 16. Rc1 {(
03:47)} Rc8 {(12:46)} 17. Qd1 {(04:51)} Na8 {(13:33)} 18.
h4 {(10:12)} Nc7 {(05:09)} 19. h5 {(00:43)} cxd5 {(
02:02)} 20. cxd5 {(07:19)} Nb5 {(04:25)} 21. Nxb5 {(00:52]
} Bxb5 {(00:07)} 22. Qf1 {(03:24)} Bd7 {(07:15)} 23. hxg6
{(01:53)} hxg6 {(02:06)} 24. Qh3 {(01:10)} f6 {(00:
25)} 25. Qh7+ {(03:31)} Kf7 {(00:03)} 26. Rh6 {(03:39)}
fxg5 {(04:12)} 27. Qxg6+ {(00:08)} Kg8 {(04:36)} 28. Qh7+
{(00:04)} Kf7 {(00:11)} 29. Rc3 {(02:20)} Ke7 {(05:
14)} 30. Qxg7+ {(00:40)} Kd8 {(00:31)} 31. Qxg5+ {(01:46)}
Qe7 {(01:02)} 32. Qxe7+ {(01:28)} Kxe7 {(00:01)} 33. Rh7+
{(00:37)} Rf7 {(02:10)} 34. Rch3 {(00:47)} Rcf8 {(
02:21)} 35. f3 {(00:40)} b5 {(01:23)} 36. Rxf7+ {(00:55)}
Rxf7 {(01:10)} 37. Rh6 {(00:10)} Bxg4 {(01:37)} 38. Rg6 {
(02:10)} Bd7 {(00:27)} 39. Kc2 {(00:17)} Rh7 {(01:
25)} 40. Rg2 {(00:00)} Rh1 {(00:00)} 41. b4 {(06:44)}
axb3+ {(03:19)} 42. Nxb3 {(00:05)} Nxb3 {(00:59)} 43. Kxb3
{(00:03)} Rb1+ {(00:10)} 44. Kc2 {(02:51)} Ra1 {(
00:41)} 45. Kb2 {(00:20)} Re1 {(00:10)} 46. Kc3 {(01:07)}
Rc1+ {(00:35)} 47. Kb4 {(04:02)} Rb1+ {(00:17)} 48. Ka5 {
(03:37)} Rb3 {(01:11)} 49. Rg7+ {(01:15)} Kd8 {(04:
59)} 50. Kb6 {(00:41)} Rxa3 {(03:22)} 51. Bxb5 {(00:57)}
Bxb5 {(00:29)} 52. Kxb5 {(00:05)} Rc3 {(00:22)} 53. Kb6 {
(03:04)} Rc4 {(03:28)} 54. Rf7 {(01:48)} Rc3 {(00:
14)} 55. Rh7 {(02:34)} Rc1 {(02:30)} 56. Kb5 {(01:40)} Rc3
{(00:10)} 57. Rg7 {(00:44)} Ke8 {(01:02)} 58. Kb6 {
(00:26)} Kd8 {(00:07)} 59. Rf7 {(02:54)} Rc1 {(05:
48)} 60. Kb5 {(01:55)} Rc3 {(00:49)} 61. Kb4 {(00:43)} Re3
{(01:55)} 62. Kc4 {(00:47)} Ke8 {(01:04)} 63. Rf6 {
(03:08)} Ke7 {(00:14)} 64. Re6+ {(00:17)} Kd7 {(00:
05)} 65. Rf6 {(00:12)} Ke7 {(00:08)} 66. Rf5 {(00:40)} Ke8
{(00:29)} 67. Kb5 {(01:20)} Ke7 {(01:08)} 68. Kb4 {
(00:36)} Ke8 {(00:30)} 69. Kc4 {(00:05)} Ke7 {(00:
10)} 70. Kb5 {(00:13)} Rb3+ {(00:09)} 71. Kc4 {(00:48)}
Re3 {(00:10)} 72. Kb5 {(01:08)} 1/2-1/2

[Event "42nd Olympiad Baku 2016 Open"]
[Site "Baku"]
[Date "2016.09.03"]
[Round "2.6"]
[White "Khalema, Sechaba"]
[Black "Rajaonarison, Faniry"]
[Result "0-1"]
[ECO "A57"]
[WhiteElo "1754"]
[BlackElo "2150"]
[Annotator ""]
[PlyCount "114"]
[EventDate "2016.??.??"]
[EventCountry "AZE"]
[SourceTitle "playchess.com"]
[Source "ChessBase"]
[WhiteTeam "Lesotho"]
[BlackTeam "Madagascar"]
[WhiteTeamCountry "LES"]
[BlackTeamCountry "MAD"]
[TimeControl "40/5400+30:1800+30"]

1. d4 {(00:22)} Nf6 {(00:00)} 2. c4 {(00:51)} c5 {(
00:50)} 3. d5 {(04:51)} b5 {(05:58)} 4. Qc2 {(05:57)} e6 {
(05:54)} 5. e4 {(00:15)} bxc4 {(00:51)} 6. Bxc4 {(
04:45)} exd5 {(00:33)} 7. exd5 {(00:12)} d6 {(01:10)} 8.
Nf3 {(01:43)} Be7 {(00:54)} 9. O-O {(06:41)} O-O {(
00:14)} 10. Nc3 {(02:43)} Bg4 {(13:10)} 11. Ng5 {(11:26)}
g6 {(16:27)} 12. b3 {(06:02)} Nbd7 {(05:17)} 13. f3 {
(04:43)} Bf5 {(00:23)} 14. Nge4 {(01:59)} Rb8 {(17:
52)} 15. Bb2 {(01:41)} Nb6 {(01:41)} 16. Rad1 {(03:28)} h5
{(03:00)} 17. Ba1 {(00:14)} Nxc4 {(01:08)} 18. bxc4 {
(02:14)} Rb4 {(04:04)} 19. Qe2 {(00:16)} Re8 {(01:
26)} 20. a3 {(00:13)} Rb3 {(01:02)} 21. Qa2 {(00:12)} Rb8
{(00:50)} 22. Rfe1 {(00:30)} a6 {(01:08)} 23. Ng3 {
(02:09)} Bd7 {(00:30)} 24. Qd2 {(01:08)} h4 {(01:
16)} 25. Nge4 {(00:13)} Nh5 {(00:16)} 26. Ne2 {(01:30)}
Rb3 {(02:21)} 27. Qc2 {(00:38)} Rb8 {(12:59)} 28. Qd2 {
(00:08)} Kh7 {(00:29)} 29. Qc3 {(02:09)} Rg8 {(00:
42)} 30. Qe3 {(00:40)} f5 {(00:54)} 31. Nf2 {(00:26)} Bg5
{(00:35)} 32. f4 {(00:29)} Re8 {(00:32)} 33. Qf3 {(
00:31)} Bh6 {(00:16)} 34. Nh3 {(00:25)} Ba4 {(00:34)} 35.
Rb1 {(00:15)} Rxb1 {(00:42)} 36. Rxb1 {(00:16)} Qe7 {
(00:19)} 37. Nc3 {(01:17)} Bc2 {(00:17)} 38. Rc1 {(
00:23)} Bb3 {(00:23)} 39. Nb1 {(03:06)} Qe3+ {(00:54)} 40.
Qxe3 {(00:00)} Rxe3 {(00:00)} 41. Kf2 {(00:25)} Nxf4 {
(01:23)} 42. Nxf4 {(05:40)} Bxf4 {(00:07)} 43. Nd2 {
(00:23)} Ba2 {(03:54)} 44. Rc2 {(00:17)} Rxa3 {(00:
26)} 45. Bf6 {(00:58)} h3 {(03:09)} 46. g3 {(00:10)} Be3+
{(10:31)} 47. Ke2 {(02:06)} Bg1 {(02:50)} 48. Nf3 {
(00:20)} Re3+ {(00:13)} 49. Kf1 {(00:12)} Rxf3+ {(
00:02)} 50. Kxg1 {(00:11)} Bb3 {(01:03)} 51. Rc1 {(00:19)}
Re3 {(01:35)} 52. Kf2 {(00:11)} Re4 {(01:11)} 53. Rb1 {
(00:15)} Bxc4 {(01:12)} 54. Rb7+ {(00:10)} Kh6 {(
02:08)} 55. Rd7 {(01:55)} Re2+ {(00:31)} 56. Kg1 {(02:24)}
Rg2+ {(00:10)} 57. Kh1 {(00:09)} Rf2 {(00:09)} 0-1

[Event "42nd Olympiad Baku 2016 Open"]
[Site "Baku"]
[Date "2016.09.03"]
[Round "2.30"]
[White "Khan, Taffin"]
[Black "Juarez Flores, Carlos A"]
[Result "1/2-1/2"]
[ECO "C01"]
[WhiteElo "1877"]
[BlackElo "2392"]
[Annotator ""]
[PlyCount "193"]
[EventDate "2016.??.??"]
[EventCountry "AZE"]
[SourceTitle "playchess.com"]
[Source "ChessBase"]
[WhiteTeam "Guyana"]
[BlackTeam "Guatemala"]
[WhiteTeamCountry "GUY"]
[BlackTeamCountry "GUA"]
[TimeControl "40/5400+30:1800+30"]

1. e4 {(00:00)} e6 {(00:00)} 2. d4 {(00:00)} d5 {(
00:00)} 3. exd5 {(00:00)} exd5 {(00:00)} 4. c4 {(00:05)}
Nf6 {(00:00)} 5. Nc3 {(00:08)} Be7 {(00:12)} 6. Bd3 {
(00:09)} Nc6 {(00:10)} 7. Nge2 {(00:35)} Nb4 {(00:
16)} 8. c5 {(01:10)} Nxd3+ {(00:19)} 9. Qxd3 {(00:09)} b6
{(00:56)} 10. O-O {(09:02)} O-O {(00:28)} 11. Bg5 {
(07:12)} c6 {(01:20)} 12. b4 {(01:11)} a5 {(00:30)}
13. a3 {(00:17)} Re8 {(10:20)} 14. Rfe1 {(00:46)} b5 {
(04:25)} 15. Ng3 {(01:39)} h6 {(03:14)} 16. Bf4 {(
01:11)} Bf8 {(01:54)} 17. Red1 {(04:35)} Be6 {(10:51)} 18.
h3 {(00:49)} Nd7 {(01:36)} 19. Nce2 {(08:02)} g6 {(
03:20)} 20. Bd2 {(00:37)} axb4 {(01:46)} 21. axb4 {(02:33]
} Qf6 {(00:04)} 22. f4 {(05:33)} Bg7 {(03:27)} 23. Rxa8 {
(00:31)} Rxa8 {(00:01)} 24. Rf1 {(00:11)} Bf5 {(02:
29)} 25. Nxf5 {(00:28)} Qxf5 {(01:11)} 26. Qxf5 {(11:42)}
gxf5 {(00:03)} 27. Ng3 {(02:06)} Bxd4+ {(07:03)} 28. Kh2 {
(00:09)} Ra2 {(00:52)} 29. Rd1 {(00:12)} Kh7 {(01:
12)} 30. Nxf5 {(00:46)} Bf6 {(00:48)} 31. Nd6 {(02:30)}
Kg6 {(03:55)} 32. f5+ {(05:10)} Kg7 {(01:35)} 33. Ne8+ {
(10:16)} Kh7 {(00:07)} 34. Be1 {(04:45)} Be5+ {(03:
19)} 35. Bg3 {(01:40)} Bc3 {(02:06)} 36. Be1 {(01:56)}
Be5+ {(03:12)} 37. Bg3 {(00:25)} Rb2 {(03:08)} 38. Re1 {
(03:54)} Bxg3+ {(01:30)} 39. Kxg3 {(00:08)} Rxb4 {(
00:05)} 40. Re7 {(00:00)} Nxc5 {(00:00)} 41. Rxf7+ {(02:
35)} Kg8 {(00:08)} 42. Rc7 {(00:27)} Ne4+ {(01:36)} 43.
Kf3 {(00:21)} Kf8 {(05:34)} 44. Ng7 {(01:22)} Ng5+ {
(02:25)} 45. Kf2 {(00:38)} Re4 {(03:12)} 46. Nh5 {(
01:07)} Re5 {(01:45)} 47. Rxc6 {(01:26)} Rxf5+ {(00:09)}
48. Ke3 {(00:36)} Ke7 {(05:08)} 49. Rxh6 {(03:02)} Nf7 {
(01:59)} 50. Rh7 {(00:46)} Kd6 {(00:14)} 51. g4 {(
00:25)} Re5+ {(00:32)} 52. Kd4 {(01:07)} Re4+ {(00:59)}
53. Kc3 {(01:08)} Ng5 {(02:00)} 54. Rb7 {(02:58)} Kc6 {
(00:15)} 55. Rb8 {(00:33)} Nxh3 {(01:07)} 56. Rc8+ {
(01:42)} Kb7 {(01:59)} 57. Rd8 {(01:43)} Rxg4 {(03:
10)} 58. Rxd5 {(00:22)} Kc6 {(00:17)} 59. Rf5 {(00:42)}
Ng5 {(03:28)} 60. Rf4 {(05:09)} Rg1 {(01:04)} 61. Rf6+ {
(02:56)} Kc5 {(00:18)} 62. Rf5+ {(00:13)} Kb6 {(00:
02)} 63. Nf6 {(00:38)} Ka5 {(00:40)} 64. Nd5 {(02:09)} Ne6
{(02:34)} 65. Re5 {(03:28)} Rg6 {(03:20)} 66. Re1 {
(02:29)} Nc5 {(01:42)} 67. Re8 {(00:48)} Rg3+ {(01:
46)} 68. Re3 {(02:32)} Na4+ {(04:03)} 69. Kb3 {(00:42)}
Nc5+ {(00:50)} 70. Kc3 {(00:20)} Na4+ {(00:48)} 71. Kb3 {
(00:16)} Rg2 {(01:07)} 72. Ka3 {(01:41)} Rd2 {(01:
50)} 73. Nb4 {(00:31)} Nb2 {(01:53)} 74. Re8 {(02:48)}
Nc4+ {(03:22)} 75. Kb3 {(00:15)} Nd6 {(01:59)} 76. Ra8+ {
(01:07)} Kb6 {(00:01)} 77. Rb8+ {(00:19)} Kc7 {(00:
20)} 78. Rh8 {(00:17)} Rg2 {(00:24)} 79. Rh7+ {(00:24)}
Kb6 {(00:45)} 80. Rh3 {(00:36)} Nf5 {(00:34)} 81. Rd3 {
(00:45)} Rg4 {(00:54)} 82. Nc2 {(00:50)} Rf4 {(01:
45)} 83. Kc3 {(00:27)} Kc5 {(01:03)} 84. Kb3 {(01:19)} Nd6
{(00:40)} 85. Rc3+ {(01:40)} Kb6 {(00:41)} 86. Nb4 {
(00:18)} Rd4 {(01:37)} 87. Rc6+ {(00:25)} Kb7 {(00:
02)} 88. Rc5 {(00:41)} Rh4 {(00:34)} 89. Rd5 {(00:23)} Kc7
{(00:29)} 90. Rc5+ {(00:15)} Kd7 {(00:01)} 91. Rd5 {
(00:27)} Ke6 {(00:07)} 92. Rc5 {(00:17)} Rh3+ {(01:
14)} 93. Rc3 {(00:35)} Rh1 {(00:02)} 94. Re3+ {(00:38)}
Kf5 {(01:05)} 95. Nc6 {(00:48)} Kf4 {(00:46)} 96. Rd3 {
(01:08)} Nc4 {(00:46)} 97. Kb4 {(00:23] Ke5} 1/2-1/2

[Event "42nd Olympiad Baku 2016 Open"]
[Site "Baku"]
[Date "2016.09.03"]
[Round "2.9"]
[White "Kirby, Peter J"]
[Black "Li, Hui"]
[Result "1/2-1/2"]
[ECO "B52"]
[WhiteElo "2014"]
[BlackElo "1964"]
[Annotator ""]
[PlyCount "60"]
[EventDate "2016.??.??"]
[EventCountry "AZE"]
[SourceTitle "playchess.com"]
[Source "ChessBase"]
[WhiteTeam "Channel Islands"]
[BlackTeam "Macau"]
[WhiteTeamCountry "GCI"]
[BlackTeamCountry "MAC"]
[TimeControl "40/5400+30:1800+30"]

1. e4 c5 2. Nf3 d6 3. Bb5+ Bd7 4. Bxd7+ Qxd7 5. c4 Nf6 6. Nc3 Nc6 7. d4 cxd4 8.
Nxd4 Qg4 9. Qxg4 Nxg4 10. Nxc6 bxc6 11. Bf4 g5 12. Bxg5 Ne5 13. b3 Rg8 14. Bh4
Rg4 15. Bg3 {(15:19)} Bg7 {(51:03)} 16. Kd2 {(01:24)} Ng6
{(06:48)} 17. Rae1 {(01:39)} h5 {(01:07)} 18. h3 {(
01:04)} Rg5 {(00:48)} 19. h4 {(00:38)} Rg4 {(05:02)} 20.
Kc2 {(00:55)} Bf6 {(07:58)} 21. Nb1 {(02:18)} O-O-O {
(08:38)} 22. Nd2 {(00:34)} Bxh4 {(08:13)} 23. Bxh4 {
(00:30)} Rxh4 {(00:14)} 24. Rxh4 {(03:02)} Nxh4 {(
00:01)} 25. g3 {(01:44)} Ng6 {(00:04)} 26. Rh1 {(00:44)}
Rh8 {(00:08)} 27. Nf3 {(02:10)} Kd7 {(01:57)} 28. Kd3 {
(06:54)} c5 {(01:34)} 29. Ke3 {(01:28)} e6 {(05:42]
} 30. Rd1 {(04:22)} Ke7 {(00:50)} 1/2-1/2

[Event "42nd Olympiad Baku 2016 Open"]
[Site "Baku"]
[Date "2016.09.03"]
[Round "2.26"]
[White "Knowles, Kendrick"]
[Black "Stachanczyk, Jacek"]
[Result "0-1"]
[ECO "D02"]
[WhiteElo "1825"]
[BlackElo "2192"]
[Annotator ""]
[PlyCount "82"]
[EventDate "2016.??.??"]
[EventCountry "AZE"]
[SourceTitle "playchess.com"]
[Source "ChessBase"]
[WhiteTeam "Bahamas"]
[BlackTeam "IBCA"]
[WhiteTeamCountry "BAH"]
[BlackTeamCountry "POL"]
[TimeControl "40/5400+30:1800+30"]

1. d4 {(00:00)} d5 {(00:00)} 2. Nf3 {(01:18)} Nf6 {
(00:00)} 3. c4 {(00:12)} c6 {(00:00)} 4. g3 {(00:
54)} dxc4 {(00:09)} 5. Bg2 {(00:14)} Nbd7 {(02:41)} 6. O-O
{(00:34)} Nb6 {(11:32)} 7. Qc2 {(00:25)} g6 {(01:
37)} 8. Nbd2 {(01:50)} Bg7 {(04:23)} 9. Nxc4 {(08:17)} Bf5
{(08:13)} 10. Qc3 {(23:18)} Ne4 {(11:13)} 11. Qb4 {
(02:34)} Nxc4 {(01:23)} 12. Qxc4 {(00:46)} O-O {(
05:17)} 13. Be3 {(09:06)} Nd6 14. Qc1 Be4 {(02:19)} 15. Rd1 {
(15:59)} Nf5 {(01:44)} 16. Ne5 {(03:44)} Bxg2 {(02:
30)} 17. Kxg2 {(03:22)} Qd5+ {(01:41)} 18. Nf3 {(01:07)}
Qe4 {(00:01)} 19. Kg1 {(00:54)} Rfd8 {(04:04)} 20. Ng5 {
(02:09)} Qd5 {(02:26)} 21. Nf3 {(02:29)} h5 {(09:
06)} 22. a4 {(03:23)} Bf6 {(08:32)} 23. Ra3 {(01:12)} e5 {
(01:12)} 24. Bg5 {(07:09)} Bxg5 {(02:41)} 25. Qxg5 {
(02:25)} e4 {(00:46)} 26. Nh4 {(07:16)} Nxd4 {(00:
12)} 27. Qxd5 {(00:18)} Rxd5 {(01:39)} 28. Kf1 {(00:24)}
Rad8 {(00:57)} 29. Re3 {(01:46)} Nf5 {(00:13)} 30. Rxd5 {
(00:11)} Nxe3+ 31. fxe3 {(00:09)} Rxd5 {(00:49)} 32. Ke1 {
(00:12)} b5 {(00:16)} 33. axb5 {(00:25)} Rxb5 {(00:
15)} 34. Ng2 {(00:08)} g5 35. h4 {(00:19)} f6 {(00:35)}
36. Kd1 {(00:16)} Rxb2 {(00:00)} 37. Ne1 {(00:09)} Kf7 {
(00:14)} 38. Nc2 {(00:18)} Rxc2 {(00:09)} 39. Kxc2 {
(00:13)} Ke6 {(00:00)} 40. Kc3 {(00:00)} Kf5 {(00:
00)} 41. Kd4 {(01:17)} a5 0-1

[Event "42nd Olympiad Baku 2016 Open"]
[Site "Baku"]
[Date "2016.09.03"]
[Round "2.21"]
[White "Kojima, Shinya"]
[Black "Weerawardane, Romesh"]
[Result "1-0"]
[ECO "D45"]
[WhiteElo "2398"]
[BlackElo "2120"]
[Annotator ""]
[PlyCount "77"]
[EventDate "2016.??.??"]
[EventCountry "AZE"]
[SourceTitle "playchess.com"]
[Source "ChessBase"]
[WhiteTeam "Japan"]
[BlackTeam "Sri Lanka"]
[WhiteTeamCountry "JPN"]
[BlackTeamCountry "SRI"]
[TimeControl "40/5400+30:1800+30"]

1. Nf3 {(00:00)} d5 {(00:00)} 2. d4 {(00:00)} Nf6 {
(00:00)} 3. c4 {(00:00)} e6 {(00:00)} 4. Nc3 {(00:
00)} c6 {(00:02)} 5. e3 {(00:45)} Nbd7 {(00:05)} 6. Qc2 {
(00:06)} Bd6 {(00:06)} 7. Bd3 {(00:10)} O-O {(00:
13)} 8. O-O {(00:10)} dxc4 {(00:05)} 9. Bxc4 {(00:06)} b5
{(00:07)} 10. Bd3 {(00:52)} Bb7 {(00:08)} 11. Rd1 {
(01:18)} Qc7 {(02:18)} 12. Bd2 {(03:24)} a6 {(00:
26)} 13. b4 {(02:27)} h6 {(02:05)} 14. Rac1 {(04:11)} Rac8
{(00:53)} 15. h3 {(04:35)} Qb8 {(05:43)} 16. Ne4 {(
08:22)} Nxe4 {(13:26)} 17. Bxe4 {(00:07)} Rfd8 {(21:58)}
18. Qb2 {(08:20)} g6 {(07:45)} 19. Qb1 {(04:45)} Kh7 {
(04:01)} 20. Bd3 {(07:13)} Qa8 {(06:41)} 21. e4 {(
05:18)} e5 {(12:54)} 22. Qb3 {(03:44)} Rf8 {(02:11)} 23.
dxe5 {(06:45)} Nxe5 {(00:08)} 24. Nxe5 {(00:07)} Bxe5 {
(00:04)} 25. Be3 {(00:43)} Rc7 {(04:45)} 26. f4 {(
01:49)} Bg7 {(00:28)} 27. e5 {(00:42)} Bc8 {(00:42)} 28.
Qc2 {(03:28)} Be6 {(02:21)} 29. f5 {(01:52)} gxf5 {
(01:26)} 30. Bxf5+ {(00:06)} Kh8 {(00:26)} 31. Be4 {
(05:55)} Rg8 {(02:12)} 32. Qf2 {(03:01)} Qf8 {(01:
56)} 33. Bc5 {(00:43)} Qe8 {(01:59)} 34. Bd6 {(01:32)} Rc8
{(00:39)} 35. Bb1 {(01:58)} Bf8 {(04:21)} 36. Qf6+ {
(01:22)} Bg7 {(00:13)} 37. Qh4 {(00:22)} Bf8 {(00:
21)} 38. Rf1 {(05:06)} f5 {(04:56)} 39. Bxf5 {(04:27)} 1-0